 Dungeon Crawl Stone Soup version 0.29.1-15-g9cfb28693d (webtiles) character file.

Game seed: 4203823904624103524

7930 McKennaii the Geomancer (level 10, -2/69 HPs)
             Began as a Demigod Earth Elementalist on Feb 24, 2023.
             Slain by a warg (12 damage)
             ... on level 10 of the Dungeon.
             The game lasted 00:19:32 (11646 turns).

McKennaii the Geomancer (DgEE)                     Turns: 11646, Time: 00:19:32

Health: -2/69      AC:  6    Str:  9    XL:     10   Next: 73%
Magic:  4/26       EV: 12    Int: 29    God:
Gold:   348        SH:  0    Dex: 14    Spells: 22/26 levels left

rFire   . . .      SeeInvis .   j - +4 short sword (freeze)
rCold   . . .      Faith    .   (no shield)
rNeg    . . .      Spirit   .   v - +0 steam dragon scales
rPois   .          Reflect  .   (no helmet)
rElec   .          Harm     .   o - +0 cloak
rCorr   .          Rampage  .   (no gloves)
Will    +....                   (no boots)
Stlth   ++........              (no amulet)
HPRegen 0.21/turn               x - ring of flight
MPRegen 0.20/turn               (no ring)

@: flying
A: high MP 1, forlorn, divine attributes
a: no special abilities


You were on level 10 of the Dungeon.
You visited 1 branch of the dungeon, and saw 10 of its levels.
You also visited: Bailey.

You collected 348 gold pieces.

Inventory:

Hand Weapons
 j - a +4 short sword of freezing (weapon)
Missiles
 e - 3 throwing nets
Armour
 a - the +5 scale mail of Ahuuxzaf {Rampage Str+4 Slay+6}
   (You found it on level 7 of the Dungeon)

   Str:       It affects your strength (+4).
   Slay:      It affects your accuracy & damage with ranged weapons and melee
   (+6).
   Rampage:   It bestows one free step when moving towards enemies.
 o - a +0 cloak (worn)
 v - +0 steam dragon scales (worn)
Magical Staves
 z - a staff of air
Jewellery
 x - a ring of flight (left hand)
Wands
 s - a wand of mindburst (21)
Scrolls
 h - a scroll of summoning
 k - 2 scrolls of enchant armour
 m - 2 scrolls of silence
 u - a scroll of vulnerability
 w - 2 scrolls of enchant weapon
 y - a scroll of fear {unknown}
 B - a scroll of magic mapping
 C - a scroll of identify
Potions
 b - 5 potions of magic
 c - 2 potions of mutation
 d - a potion of ambrosia
 f - a potion of berserk rage
 g - 6 potions of curing
 i - a potion of haste
 l - 2 potions of flight
 n - 3 potions of attraction
 p - a potion of degeneration {unknown}
 q - 2 potions of heal wounds
 r - a potion of resistance
 t - 2 potions of might
 A - a potion of brilliance {unknown}


   Skills:
 - Level 1.7 Dodging
 - Level 1.7 Stealth
 + Level 8.7 Spellcasting
 + Level 8.7 Conjurations
 - Level 0.8 Transmutations
 + Level 9.7 Earth Magic


You had 22 spell levels left.
You knew the following spells:

 Your Spells              Type           Power      Damage    Failure   Level
a - Sandblast             Erth           100%       2d20      1%          1
b - Stone Arrow           Conj/Erth      100%       3d13      1%          3

Your spell library contained the following spells:

 Spells                   Type           Power      Damage    Failure   Level
 Passwall                 Tmut/Erth      35%        N/A       1%          2
 Beastly Appendage        Tmut           34%        N/A       3%          1
 Wereblood                Tmut           17%        N/A       4%          2
 Petrify                  Tmut/Erth      43%        N/A       4%          4
 Spider Form              Tmut/Pois      15%        N/A       11%         3


Dungeon Overview and Level Annotations

Branches:
Dungeon (10/15)            Temple (0/1) D:5            Lair (0/5) D:8
    Orc (0/2) D:9          Bailey (visited)

Annotations:
D:4 Dowan
D:7 2 transporters, kalagan's ghost, novice DECj


Innate Abilities, Weirdness & Mutations

You have an increased reservoir of magic. (+10% MP)
You shall have no god before yourself.
Your divine heritage dramatically boosts your attributes as you level up.


Message History

Aim: a bullfrog (72% to hit)
The stone arrow hits the bullfrog!
The bullfrog is severely wounded.
The warg bites you but does no damage. The bullfrog hits you.
The warg bites you!
Casting: Stone Arrow (safe; 1% risk of failure)
Confirm with . or Enter, or press ? or * to list all spells.
Aiming: Stone Arrow (safe; 1% risk of failure)
Press: ? - help, Shift-Dir - straight line, f/p - bullfrog
Aim: a bullfrog (severely wounded, 72% to hit)
The stone arrow hits the bullfrog!!
You kill the bullfrog!
The warg barely misses you.
Unknown command.
Casting: Stone Arrow (safe; 1% risk of failure)
Confirm with . or Enter, or press ? or * to list all spells.
Aiming: Stone Arrow (safe; 1% risk of failure)
Press: ? - help, Shift-Dir - straight line, f - warg
Aim: a warg (72% to hit)
The stone arrow misses the warg.
The warg bites you!
* * * LOW HITPOINT WARNING * * *
Unknown command.
Casting: Stone Arrow (safe; 1% risk of failure)
Confirm with . or Enter, or press ? or * to list all spells.
Aiming: Stone Arrow (safe; 1% risk of failure)
Press: ? - help, Shift-Dir - straight line, f/p - warg
Aim: a warg (72% to hit)
The stone arrow hits the warg!
The warg is moderately wounded.
The warg bites you!
* * * LOW HITPOINT WARNING * * *
Casting: Stone Arrow (safe; 1% risk of failure)
Confirm with . or Enter, or press ? or * to list all spells.
Aiming: Stone Arrow (safe; 1% risk of failure)
Press: ? - help, Shift-Dir - straight line, f/p - warg
Aim: a warg (moderately wounded, 72% to hit)
The stone arrow hits the warg!
The warg is heavily wounded.
The warg bites you!
You die...

............#
..#..##. ...........#
.#.#..# ####....###
#._.#..# #.....#...##
.#.#..##
#.....#....##..#..##.
#.....#.....##...+#..
#.....#......## ##..#
#...h.#....#..###..##
#...@##....##..#..###
#.?..#.........#....>
+....#...............
####+#...#####.......
..... #....... .....
#....... #####+##


You could see a warg.

Vanquished Creatures
  2 vault guards (Bailey)
  Pikel (D:6)
  Maggie (D:6)
  Prince Ribbit (Bailey)
  3 humans (Bailey)
  Menkaure (D:7)
  A steam dragon (D:7)
  Duvessa (D:4)
  A water moccasin (D:5)
  An orc warrior (D:7)
  2 black bears
  2 ice beasts
  5 ogres
  2 sky beasts (D:6)
  4 lemures (D:5)
  3 phantoms
  11 bullfrogs
  5 necrophages
  2 scorpions
  2 water moccasin zombies (D:6)
  A wyvern skeleton (D:6)
  21 wights
  3 howler monkeys (D:7)
  A centaur zombie (D:6)
  2 bullfrog zombies (D:6)
  2 orc priests (D:4)
  2 jellies (D:6)
  3 hounds
  2 gnoll boudas
  A bullfrog skeleton (D:6)
  3 iguanas
  8 orc wizards
  A killer bee zombie (D:6)
  17 gnolls
  13 adders
  2 shadow imps
  4 ufetubi
  2 worms
  2 dart slugs
  19 orcs
  2 bats
  8 endoplasms
  8 giant cockroaches
  20 goblins
  10 hobgoblins
  7 jackals
  5 kobolds
  4 quokkas
  5 ball pythons
  3 frilled lizards (D:3)
  4 rats
236 creatures vanquished.

Vanquished Creatures (others)
  A shadow imp (D:10)
1 creature vanquished.

Grand Total: 237 creatures vanquished

Notes
Turn   | Place    | Note
-------+----------+-------------------------------------------
     0 | D:1      | McKennaii the Demigod Earth Elementalist began the quest
                  | for the Orb.
     0 | D:1      | Reached XP level 1. HP: 14/14 MP: 5/5
   301 | D:1      | Reached skill level 3 in Earth Magic
   461 | D:1      | Reached XP level 2. HP: 20/20 MP: 5/7
  1339 | D:2      | Reached XP level 3. HP: 26/26 MP: 4/9
  2289 | D:2      | Reached XP level 4. HP: 33/33 MP: 9/11
  2327 | D:2      | Learned a level 3 spell: Stone Arrow
  2397 | D:3      | Noticed a necrophage
  2742 | D:3      | Killed a necrophage
  2743 | D:3      | Reached skill level 1 in Conjurations
  2743 | D:3      | Reached skill level 4 in Earth Magic
  2998 | D:3      | Reached XP level 5. HP: 38/38 MP: 9/12
  3377 | D:4      | Noticed Duvessa
  3377 | D:4      | Noticed Dowan
  3592 | D:4      | Noticed a black bear
  3815 | D:4      | Noticed an ogre
  3888 | D:4      | Reached XP level 6. HP: 10/45 MP: 2/14
  4335 | D:4      | Killed Duvessa
  4336 | D:4      | Reached skill level 5 in Earth Magic
  4385 | D:4      | Reached XP level 7. HP: 43/50 MP: 1/16
  4390 | D:4      | HP: 1/50 [ice beast (9)]
  5014 | D:5      | Entered Level 5 of the Dungeon
  5127 | D:5      | Reached skill level 5 in Spellcasting
  5434 | D:5      | Reached skill level 6 in Earth Magic
  5439 | D:5      | Reached XP level 8. HP: 57/57 MP: 3/19
  5728 | D:5      | Found a staircase to the Ecumenical Temple.
  6045 | D:5      | Reached skill level 5 in Conjurations
  6902 | D:6      | Reached skill level 7 in Earth Magic
  7021 | D:6      | Noticed Pikel
  7325 | D:6      | Killed Pikel
  7326 | D:6      | Reached XP level 9. HP: 62/62 MP: 14/22
  7707 | D:6      | Reached skill level 8 in Earth Magic
  8287 | D:6      | Noticed Maggie
  8293 | D:6      | Killed Maggie
  8586 | D:7      | Identified the +5 scale mail of Ahuuxzaf {Rampage Str+4
                  | Slay+6}
  8967 | D:7      | Reached XP level 10. HP: 69/69 MP: 23/25
  9014 | D:7      | Noticed Menkaure
  9018 | D:7      | Killed Menkaure
  9215 | D:7      | Found a transporter.
  9220 | D:7      | Found a transporter.
  9221 | D:7      | Noticed kalagan's ghost (novice DECj)
 10210 | D:8      | Found a flagged portal.
 10241 | Bailey   | Entered a bailey
 10335 | Bailey   | Reached skill level 9 in Earth Magic
 10482 | Bailey   | Noticed a vault guard
 10505 | Bailey   | Killed a vault guard
 10766 | Bailey   | Noticed a vault guard
 10766 | Bailey   | Noticed Prince Ribbit
 10773 | Bailey   | Killed Prince Ribbit
 10817 | Bailey   | Killed a vault guard
 11378 | D:8      | You are sucked into a shaft and drop 2 floors!
 11378 | D:10     | Entered Level 10 of the Dungeon
 11633 | D:9      | Found a staircase to the Orcish Mines.
 11646 | D:10     | Slain by a warg

Illustrated notes

Levels and vault maps discovered:
D:1:      minmay_arrival_shattered_statue, layout_loops_cross,
          shapermc_ecumenical_altar_notcrosses, roderic_roman_lattice
D:2:      layout_basic, minmay_tetromino_t2
D:3:      layout_loops_ring
D:4:      layout_cave_pools, kennysheep_orc_sif_temple,
          nicolae_vehumet_altar_sigil, nicolae_ossuary_entry_ruins, uniq_duvessa
D:5:      minmay_general_purpose_star, layout_loops_corners,
          mainiacjoe_overflow_small_starburst,
          minmay_temple_entry_statues_fountains, roderic_lattice_a,
          kennysheep_generic_room_14
D:6:      layout_cave_pools, kennysheep_ying_yang, serial_undead,
          serial_undead_c, serial_undead_c, serial_undead_e, serial_undead_c,
          serial_undead_c, serial_undead_b, st_stairs_11, uniq_pikel,
          uniq_maggie
D:7:      layout_cave_pools, lemuel_crystal_altar, gammafunk_ghost_hive,
          uniq_menkaure
D:8:      layout_loops_corners, dpeg_lair_monsters, enter_bailey_5
D:9:      layout_roguey, nicolae_kikubaaqudgha_miasma_corner,
          lemuel_doored_altar, david_orc_3, serial_shops,
          nicolae_lakefront_shop, minmay_shop_damaged, minmay_holes,
          kennysheep_generic_room_4
D:10:     layout_irregular_city, tso_metal_star, hangedman_minor_magic,
          uniq_grum

Skill      XL: |  1  2  3  4  5  6  7  8  9 10 |
---------------+-------------------------------+-----
Spellcasting   | 2 3 4 5 6 7 8 |  8.7
Earth Magic    | 3 4 5 6 7 8 9 |  9.7
Conjurations   | 1 2 3 4 6 7 8 |  8.7
Dodging        | |  1.7
Stealth        | |  1.7
Transmutations | |  0.8

Action                   |  1- 3 |  4- 6 |  7- 9 | 10-12 || total
-------------------------+-------+-------+-------+-------++-------
Melee: Unarmed           |     4 |       |       |       ||     4
       Dagger            |    10 |     6 |    30 |       ||    46
       Short sword       |       |       |    18 |     1 ||    19
       Punch             |       |       |     1 |       ||     1
 Cast: Sandblast         |    66 |    51 |   119 |    62 ||   298
       Stone Arrow       |       |    16 |    59 |    48 ||   123
  Use: Scroll            |       |    12 |     7 |     2 ||    21
       Potion            |       |       |     1 |     2 ||     3
Armor: Robe              |     4 |     5 |    20 |       ||    29
       Steam dragon scal |       |       |     5 |    20 ||    25
Dodge: Dodged            |    24 |    13 |    66 |    28 ||   131
